Map: Fracture LE

Players

blackhole

  • Race: Terran Terran
  • League: Diamond
  • Spawn Location: 11:00

kemachi - Winner!

  • Race: Zerg Zerg
  • League: Diamond
  • Spawn Location: 5:00

VOD

Have the link to the VOD?

Description

Time

  • Played on: Oct. 20, 2018, 9:32 a.m.
  • Length: 20:32
Show
View Real Time Build Order
Export as new Build Order

blackhole Terran 

Build Orders: Reaper Expand, Bio Tank 

Get SALT Encoding   

  12  0:00  SCV  
  13  0:13  SCV  
  14  0:17  Supply Depot  
  14  0:25  SCV  
  15  0:38  SCV  
  15  0:40  Barracks  
  16  0:44  Refinery  
  16  0:50  SCV  
  17  1:03  SCV  
  18  1:15  SCV  
  19  1:27  Orbital Command  
  19  1:28  Reaper  
  20  1:44  Command Center  
  20  1:51  Supply Depot  
  20  1:55  SCV  
  20  2:00  Marine  
  22  2:08  SCV  
  23  2:12  Factory  
  23  2:18  Marine  
  23  2:20  SCV  
  25  2:25  Refinery  
  25  2:32  SCV  
  25  2:35  Marine  
  28  2:44  SCV  
  28  2:53  Marine  
  28  2:55  Orbital Command  
  28  2:56  Factory Tech Lab, SCV  
  28  2:58  Bunker  
  30  2:59  Starport  
  30  3:06  Barracks  
  30  3:08  SCV  
  30  3:12  Marine  
  32  3:16  Orbital Command  
  32  3:19  Siege Tank  
  35  3:21  SCV  
  36  3:31  Barracks  
  36  3:34  Marine  
  36  3:35  SCV  
  36  3:37  Starport Reactor  
  38  3:42  SCV  
  38  3:46  Supply Depot  
  38  3:47  SCV  
  40  3:52  Marine  
  40  3:53  Marine  
  40  3:54  SCV  
  43  4:01  SCV  
  44  4:06  SCV  
  44  4:08  Siege Tank  
  48  4:11  Supply Depot  
  48  4:13  SCV  
  48  4:15  Medivac  
  51  4:17  Marine  
  51  4:19  Barracks Tech Lab, Marine  
  51  4:21  SCV  
  54  4:33  SCV x2  
  54  4:34  Supply Depot  
  54  4:35  Marine  
  54  4:37  Marine  
  54  4:38  Marine  
  59  4:39  Stimpack  
  59  4:45  SCV x2  
  61  4:53  Marine  
  61  4:59  Marine x2  
  67  5:00  Siege Tank  
  67  5:01  SCV x2  
  67  5:06  Refinery  
  69  5:07  Supply Depot, Refinery  
  69  5:13  Marine  
  70  5:15  Command Center  
  70  5:29  Supply Depot, Marine x2, Medivac, SCV x2  
  70  5:30  Marine  
  77  5:41  SCV  
  77  5:42  Siege Tank  
  81  5:43  SCV  
  81  5:46  Marine  
  83  5:51  Supply Depot  
  83  5:52  Engineering Bay  
  83  5:53  Marine, Engineering Bay, SCV  
  83  5:54  Barracks, Marine  
  83  5:55  SCV  
  87  6:05  Marine, Medivac x2  
  87  6:06  SCV  
  93  6:11  Marine  
  93  6:13  SCV  
  93  6:15  Supply Depot  
  95  6:21  Terran Infantry Armor Level 1  
  95  6:22  Barracks  
  95  6:24  Terran Infantry Weapons Level 1  
  95  6:25  Barracks Reactor  
  95  6:28  SCV  
  95  6:32  Orbital Command  
  96  6:33  SCV  
  97  6:41  Marauder  
  97  6:42  SCV  
  100  6:49  Supply Depot, Barracks Reactor  
  100  6:53  Orbital Command  
  100  7:02  Marine x3  
  100  7:03  Marauder, SCV x2  
  100  7:04  Combat Shields  
  100  7:07  Supply Depot  
  107  7:10  Marine  
  107  7:14  Armory  
  107  7:15  SCV  
  109  7:16  SCV  
  109  7:20  SCV  
  111  7:24  Siege Tank  
  111  7:27  SCV  
  111  7:28  Barracks Tech Lab, SCV  
  111  7:29  Marine x2  
  116  7:30  Marine, Barracks Reactor  
  113  7:43  Missile Turret  
  113  7:44  Missile Turret  
  113  7:45  Missile Turret  
  113  7:46  Sensor Tower, Missile Turret  
  113  7:50  Supply Depot  
  113  7:52  Marine x2  
  115  8:03  Marine x2  
  115  8:04  Marauder x2, Siege Tank  
  124  8:09  SCV x2  
  124  8:10  Marine x2  
  128  8:12  Missile Turret  
  128  8:14  Missile Turret  
  128  8:16  Missile Turret  
  125  8:29  Marine x4, Marauder x2  
  125  8:30  Marine, Missile Turret  
  125  8:31  Missile Turret  
  135  8:34  SCV x2  
  135  8:35  SCV  
  137  8:46  Supply Depot, SCV  
  135  8:59  Sensor Tower  
  135  9:06  Marine x5, Marauder x2  
  132  9:28  Marine x2  
  132  9:29  Marauder x2, Siege Tank, Marine x2  
  101  9:40  Marine x2  
  101  9:45  Liberator  
  82  9:46  Marine x3  
  82  9:49  Marine  
  82  9:50  Marauder x2, SCV x3  
  83  9:56  Sensor Tower  
  83  9:57  Marine  
  83  9:58  Marine  
  85  10:02  SCV x3, Siege Tank  
  85  10:03  Command Center  
  85  10:04  Marine x2  
  96  10:08  Terran Infantry Armor Level 2  
  96  10:10  Factory  
  96  10:11  Marauder  
  96  10:12  Terran Infantry Weapons Level 2  
  98  10:17  Marine x3  
  98  10:18  Marine x2  
  103  10:23  SCV x2  
  103  10:26  Marine x2  
  107  10:33  Marauder  
  107  10:35  Marine, Missile Turret  
  110  10:38  Marine x3  
  110  10:40  Marine  
  110  10:41  Siege Tank  
  117  10:44  Marine x2  
  118  10:53  Medivac x2  
  118  10:54  Factory Tech Lab  
  122  11:01  SCV x2  
  122  11:02  Marine  
  122  11:03  Marine x5, Refinery  
  130  11:05  Refinery  
  130  11:08  Marine  
  130  11:09  Marauder  
  133  11:13  Siege Tank  
  133  11:15  Siege Tank  
  139  11:26  Supply Depot  
  139  11:27  Marauder  
  139  11:29  Supply Depot  
  139  11:30  Marauder  
  143  11:35  Sensor Tower  
  143  11:42  Missile Turret  
  143  11:48  Planetary Fortress, SCV x3  
  146  11:56  Siege Tank  
  146  11:57  Marine x4, Siege Tank  
  146  12:00  SCV x2  
  158  12:09  Supply Depot  
  158  12:12  SCV  
  158  12:13  Marine, Missile Turret  
  158  12:14  Marine x2  
  162  12:30  Marine x2  
  162  12:31  Marauder, Marine x3  
  162  12:32  Marauder  
  162  12:34  Marine  
  172  12:48  Marine x2  
  172  12:49  Marine x3  
  177  12:51  Marine x2  
  177  12:53  Marauder  
  181  13:06  Marine x2  
  181  13:07  Marine x3  
  181  13:10  Marauder  
  182  13:15  Marauder  
  182  13:16  Marine  
  182  13:17  Siege Tank x2  
  189  13:24  Marine x3  
  189  13:25  Marine  
  189  13:26  Marine  
  194  13:31  Marauder  
  196  13:35  Marine  
  196  13:44  Terran Infantry Armor Level 3  
  196  13:46  Terran Infantry Weapons Level 3  
  196  14:13  Marauder, Marine x5  
  196  14:14  Marine x2, SCV  
  196  14:15  SCV  
  138  14:31  Marine x7, Siege Tank x2  
  126  14:34  Marine  
  126  14:36  SCV  
  126  14:37  SCV x2  
  140  14:42  Command Center  
  137  14:49  Marine x2  
  137  14:50  Marauder  
  137  14:52  Marauder, Marine x3  
  144  14:56  Liberator  
  127  15:08  Marine x2  
  127  15:09  Marine  
  127  15:11  Marauder  
  127  15:13  Marauder  
  133  15:15  Siege Tank  
  133  15:21  SCV x3  
  138  15:24  Siege Tank  
  142  15:33  Marauder  
  142  15:35  Marine x4, Medivac  
  148  15:36  Marine  
  151  15:47  Sensor Tower  
  151  15:48  Marine  
  151  15:49  Marauder  
  154  15:53  Marine  
  155  16:10  Siege Tank x2  
  161  16:12  Marauder, Marine  
  161  16:14  SCV x3  
  167  16:30  Liberator x2  
  167  16:45  Refinery  
  167  16:47  Refinery  
  167  16:52  Command Center  
  173  17:06  Marine x3, Marauder x2  
  173  17:07  Marine x2  
  182  17:13  Liberator  
  175  17:28  Marauder  
  90  17:39  Marine, Marauder  
  90  17:42  Marine  
  90  17:43  Marine x4  
  77  17:48  Orbital Command  
  77  17:49  Marauder  
  72  17:57  Marine, SCV, Siege Tank x2  
  72  17:58  SCV  
  62  18:00  Marine x3  
  62  18:01  Marine x3  
  67  18:10  Marine  
  57  18:23  Marine x3  
  60  18:28  SCV  
  61  18:45  Marine  
  62  18:53  Marine x3  
  63  19:02  Marine x4  
  63  19:03  Marine  
  64  19:10  Marine  
  64  19:11  Marine x2  
  67  19:19  Marine  
  67  19:20  Marine  
  72  19:24  Siege Tank  
  72  19:29  SCV  
Show
View Real Time Build Order
Export as new Build Order

kemachi Zerg - Winner!

Build Orders: Hatch First, Muta Ling Bane 

Get SALT Encoding   

  12  0:01  Drone  
  13  0:12  Overlord  
  13  0:16  Drone  
  14  0:31  Drone x2  
  14  0:34  Drone  
  17  0:55  Drone  
  17  0:56  Hatchery  
  17  1:00  Drone  
  18  1:04  Extractor  
  17  1:16  Spawning Pool  
  17  1:17  Drone  
  17  1:20  Drone  
  18  1:28  Drone  
  19  1:40  Overlord  
  19  2:08  Queen x2  
  19  2:10  Zergling x2  
  19  2:11  Zergling x2  
  19  2:12  Metabolic Boost  
  25  2:21  Drone x3  
  25  2:22  Drone  
  28  2:43  Drone  
  28  2:44  Drone, Overlord  
  30  2:47  Queen  
  30  2:49  Queen  
  34  2:57  Drone x2  
  36  3:04  Drone x2  
  36  3:05  Drone  
  39  3:20  Drone x5  
  44  3:27  Overlord  
  44  3:28  Overlord x2  
  44  3:44  Hatchery  
  44  3:46  Lair  
  44  3:47  Drone x2  
  45  3:52  Drone x2  
  45  3:53  Drone  
  48  3:57  Extractor  
  48  4:02  Drone x5  
  52  4:04  Drone  
  53  4:16  Queen  
  54  4:26  Drone x3, Extractor  
  54  4:27  Extractor  
  55  4:32  Zergling x12  
  61  4:42  Drone  
  61  4:43  Baneling Nest  
  61  5:00  Queen  
  63  5:16  Drone  
  63  5:17  Zergling x14, Spire  
  63  5:18  Zergling x2  
  71  5:23  Evolution Chamber  
  71  5:25  Evolution Chamber, Drone  
  71  5:28  Drone  
  71  6:01  Zerg Missile Weapons Level 1  
  71  6:02  Drone  
  71  6:03  Drone, Overlord x2  
  71  6:04  Overlord x6  
  73  6:09  Overlord x2  
  73  6:13  Zerg Ground Armor Level 1, Centrifical Hooks  
  73  6:23  Drone x8  
  81  6:35  Mutalisk x3  
  81  6:38  Mutalisk x4  
  95  6:41  Mutalisk  
  92  6:56  Mutalisk  
  92  6:58  Zergling x4  
  92  6:59  Zergling x10  
  92  7:00  Drone  
  102  7:11  Drone x5  
  102  7:13  Extractor  
  102  7:15  Extractor  
  105  7:16  Hatchery  
  104  7:25  Zergling x2  
  104  7:26  Zergling x14  
  112  7:41  Mutalisk x2  
  112  7:42  Mutalisk x3  
  122  7:54  Baneling  
  122  7:55  Baneling x7  
  122  8:03  Drone x3  
  122  8:04  Drone x3  
  122  8:05  Drone x3  
  131  8:10  Zergling x2  
  131  8:11  Zergling x12  
  138  8:14  Infestation Pit  
  137  8:25  Zerg Missile Weapons Level 2  
  137  8:31  Zergling x4  
  137  8:32  Zergling x8  
  143  8:38  Queen  
  143  8:39  Hatchery  
  144  8:42  Zergling x8  
  144  8:43  Overlord, Zergling x16  
  154  8:56  Overlord x3  
  154  8:59  Baneling x15  
  154  9:00  Baneling x5  
  152  9:10  Drone x8  
  135  9:31  Zergling x18  
  124  9:37  Zergling x2  
  124  9:38  Zergling x2  
  104  9:50  Mutalisk x5  
  109  9:58  Hive  
  109  9:59  Zerg Ground Armor Level 2  
  109  10:02  Zergling x8  
  113  10:10  Mutalisk  
  113  10:11  Mutalisk x3  
  121  10:14  Baneling x3  
  121  10:19  Zergling x6  
  124  10:32  Zergling x2  
  124  10:33  Zergling x20  
  124  10:34  Baneling x8  
  133  10:44  Zergling x8  
  133  10:47  Zergling x8  
  133  10:48  Zergling x2  
  133  10:49  Mutalisk  
  134  11:01  Extractor  
  134  11:02  Zergling x16, Extractor  
  134  11:03  Zergling x10  
  145  11:17  Zergling x14  
  152  11:19  Baneling x14  
  152  11:20  Baneling x6  
  152  11:21  Baneling x8  
  152  11:31  Zergling x32  
  152  11:32  Ultralisk Cavern  
  167  11:40  Baneling x8  
  167  11:56  Hatchery  
  166  12:08  Adrenal Glands  
  166  12:09  Zerg Missile Weapons Level 3  
  162  12:31  Ultralisk  
  162  12:32  Ultralisk x2  
  180  12:45  Chitinous Plating  
  180  12:55  Drone x2, Ultralisk  
  180  12:58  Overlord x8  
  181  13:17  Baneling x11  
  181  13:18  Baneling x18  
  176  13:39  Ultralisk x2  
  176  13:40  Zergling x12  
  176  13:41  Zergling x12  
  191  14:05  Zergling x22  
  171  14:23  Zergling x36  
  171  14:24  Zergling x14  
  143  14:34  Zergling x16  
  151  14:42  Baneling  
  151  14:43  Baneling x20  
  137  15:00  Zergling x28  
  137  15:02  Zergling x2  
  131  15:08  Zergling x10  
  131  15:10  Zergling x2  
  131  15:14  Zergling x6  
  134  15:30  Zergling x10  
  134  15:34  Hatchery  
  137  15:36  Baneling x8  
  137  15:43  Hydralisk Den  
  137  15:44  Zerg Melee Weapons Level 1  
  136  15:59  Ultralisk x2  
  136  16:03  Ultralisk  
  154  16:25  Baneling x8  
  150  16:26  Zergling x2  
  150  16:27  Zergling x32  
  150  16:28  Zergling x2  
  163  16:45  Hydralisk x6, Grooved Spines  
  163  16:46  Hydralisk  
  177  16:56  Baneling x2  
  177  16:57  Baneling x14  
  177  16:58  Baneling x3  
  177  17:16  Zergling x10  
  177  17:17  Zergling x18  
  177  17:18  Zergling x2  
  177  17:19  Zergling x2  
  136  17:39  Zergling x4  
  136  17:40  Zergling x28  
  129  17:53  Hydralisk x5  
  124  18:04  Baneling x8  
  124  18:05  Baneling x10  
  120  18:09  Zergling x6  
  119  18:16  Zergling x12  
  109  18:25  Zergling x14  
  113  18:36  Zergling x16  
  102  19:03  Zergling x44  
  102  19:07  Baneling  
  102  19:08  Baneling x8  
  124  19:19  Zergling x18  
  133  19:28  Ultralisk  
  133  19:29  Ultralisk  
  145  19:39  Zergling x14  
  152  19:46  Hydralisk  
  152  19:47  Hydralisk x3  
  138  20:14  Baneling x16  
Tags
 
Add a new tag
Caveats
  • Supply blocks, unpowered buildings, or Contaminate may cause inaccurate times.
  • Supply counts are checked every 10 seconds.